 Dungeon Crawl Stone Soup version 0.25-a0-253-g6f1b5d974a (webtiles) character file.

Game seed: 9936179099972907005, levelgen mode: classic

75 Borgoz the Slasher (level 4, -5/27 HPs)
             Began as a Gargoyle Gladiator on Dec 5, 2019.
             Slain by a worm (9 damage)
             ... on level 2 of the Dungeon.
             The game lasted 00:02:11 (1369 turns).

Borgoz the Slasher (Gargoyle Gladiator)             Turns: 1369, Time: 00:02:12

Health: -5/27      AC:  7    Str: 18    XL:     4   Next: 31%
Magic:  4/4        EV: 12    Int:  9    God:
Gold:   88         SH:  0    Dex: 11    Spells: 3/3 levels left

rFire    . . .     SeeInvis .   a - +0 long sword
rCold    . . .     Gourm    .   (no shield)
rNeg     + . .     Faith    .   b - +0 leather armour
rPois    ∞         Spirit   .   c - +0 helmet
rElec    +         Reflect  .   (no cloak)
rCorr    .         Harm     .   (no gloves)
MR       .....                  (no boots)
Stlth    +.........             (no amulet)
HPRegen  0.09/turn              (no ring)
MPRegen  0.09/turn              (no ring)

@: no status effects
A: negative energy resistance 1, electricity resistance, unbreathing,
petrification resistance, rot immunity, AC +3
a: no special abilities


You were on level 2 of the Dungeon.
You were not hungry.

You visited 1 branch of the dungeon, and saw 2 of its levels.

You collected 88 gold pieces.

Inventory:

Hand Weapons
 a - a +0 long sword (weapon)
Missiles
 d - 4 throwing nets (quivered)
Armour
 b - a +0 leather armour (worn)
 c - a +0 helmet (worn)
Jewellery
 g - an uncursed amulet of magic regeneration {unknown}
Scrolls
 e - 5 scrolls of identify {unknown}
 j - 4 scrolls of remove curse {unknown}
 k - a scroll of fog {unknown}
 l - a scroll of random uselessness {unknown}
Potions
 h - a potion of might {unknown}
 i - 2 potions of magic {unknown}
 m - 2 potions of ambrosia {unknown}
Comestibles
 f - 3 rations
 n - a chunk of flesh


   Skills:
 + Level 2.9 Fighting
 * Level 3.3 Long Blades
 - Level 1.7 Throwing
 * Level 2.1 Armour
 + Level 2.8 Dodging


You had 3 spell levels left.
You didn't know any spells.
Your spell library was empty.

Dungeon Overview and Level Annotations

Branches:
Dungeon (2/15)

Altars:


Innate Abilities, Weirdness & Mutations

You are resistant to torment.
Your stone body is resilient. (AC +3)
You are immune to poison.
You resist negative energy. (rN+)
You are resistant to electric shocks. (rElec)
You can survive without breathing.
You are immune to petrification.
You are immune to rotting.


Message History

The hobgoblin hits you but does no damage.
The worm barely misses you.
You closely miss the hobgoblin.
The hobgoblin is severely wounded.
The hobgoblin hits you but does no damage.
You hit the worm.
The worm is severely wounded.
The hobgoblin hits you but does no damage.
The worm bites you.
* * * LOW HITPOINT WARNING * * *
You completely miss the hobgoblin.
The hobgoblin is severely wounded.
The hobgoblin misses you. The worm bites you but does no damage.
You barely miss the hobgoblin.
The hobgoblin is severely wounded.
The hobgoblin hits you but does no damage.
You hit the worm.
The worm is almost dead.
The hobgoblin closely misses you. The worm bites you!
You die...

........# ........#
######## .......#
.#....... #.....#
#.#.......
####.....####.#..♣♣♣♣.
.........#....#..♣ ♣.
#...........#..♣ ♣.
#####.###.......#..♣♣♣♣.
.?....g@........#.....÷.
......w†........#.......
............##..####''##
.....)...#+###....##..#
.....................##
.........##.##....####
..................#
.####.###.....#.###
#.....#.#


You could see a worm and a hobgoblin.

Vanquished Creatures
  2 adders (D:2)
  3 oozes
  A worm (D:2)
  A dart slug (D:1)
  2 leopard geckos (D:1)
  4 bats
  2 giant cockroaches
  5 goblins
  5 hobgoblins
  2 jackals (D:1)
  2 quokkas (D:2)
  3 frilled lizards
  2 kobolds
  2 rats
36 creatures vanquished.

Notes
Turn   | Place    | Note
-------+----------+-------------------------------------------
     0 | D:1      | Borgoz the Gargoyle Gladiator began the quest for the Orb.
     0 | D:1      | Reached XP level 1. HP: 12/12 MP: 1/1
    26 | D:1      | Reached XP level 2. HP: 11/18 MP: 2/2
   252 | D:1      | Reached skill level 1 in Armour
   355 | D:1      | Reached skill level 3 in Long Blades
   528 | D:1      | Reached XP level 3. HP: 22/22 MP: 3/3
  1137 | D:2      | Reached XP level 4. HP: 27/27 MP: 4/4
  1369 | D:2      | Slain by a worm

Levels and vault maps discovered:
D:1:      eino_arrival_druids_welcome, layout_basic,
          chequers_serial_rivers_large_b
D:2:      layout_basic, first_ration, minmay_misc_feat_encased,
          kennysheep_generic_room_6

Skill      XL: |  1  2  3 |
---------------+----------+-----
Armour         | 1 2 |  2.1
Long Blades    | 3 |  3.3
Fighting       | |  2.9
Throwing       | |  1.7
Dodging        | |  2.8

Action                   |  1- 3 |  4- 6 || total
-------------------------+-------+-------++-------
Melee: Long sword        |    79 |    32 ||   111
 Stab: Sleeping          |     1 |       ||     1
  Eat: Chunk             |     1 |     1 ||     2
Armor: Leather armour    |    32 |    12 ||    44
Dodge: Dodged            |    63 |    24 ||    87
       Rpst.: Long sword |    21 |     6 ||    27

Table legend:
 A = Non-vault XP
 B = Vault XP
 C = Vault XP percentage of total XP
 D = Non-vault monster count
 E = Vault monster count
 F = Vault count percentage of total count
                 A         B        C        D         E       F
            +---------+---------+-------+---------+---------+-------
      Total |     101 |       7 |   6.5 |      35 |       1 |   2.8
            +---------+---------+-------+---------+---------+-------
        D:1 |      48 |       0 |   0.0 |      19 |       0 |   0.0
        D:2 |      53 |       7 |  11.7 |      16 |       1 |   5.9
            +---------+---------+-------+---------+---------+-------
